 Dungeon Crawl Stone Soup version 0.30-a0-629-gd54f4be4f7 (webtiles) character file.

Game seed: 2307669480431291287

47 NinjaNoafa the Caller (level 3, -1/14 HPs)
             Began as a Felid Summoner on Jan 12, 2023.
             Slain by an ufetubus (4 damage)
             ... on level 3 of the Dungeon.
             The game lasted 00:03:10 (2266 turns).

NinjaNoafa the Caller (Felid Summoner)              Turns: 2266, Time: 00:03:11

Health: -1/14      AC:  1    Str:  4    XL:     3   Next: 48%
Magic:  3/8        EV: 17    Int: 18    God:
Gold:   78         SH:  0    Dex: 16    Spells: 1/7 levels left
                                        Lives:  0   Deaths: 0

rFire   . . .      SeeInvis +    (weapon unavailable)
rCold   . . .      Faith    .    (shield unavailable)
rNeg    . . .      Spirit   .    (body armour unavailable)
rPois   .          Reflect  .    (helmet unavailable)
rElec   .          Harm     .    (cloak unavailable)
rCorr   .          Rampage  .    (gloves unavailable)
Will    .....                    (boots unavailable)
Stlth   ++                       (no amulet)
HPRegen 0.22/turn                (no ring)
MPRegen 0.11/turn                (no ring)

@: quick
A: very small, claws 1, fangs 3, see invisible, speed 1, shaggy fur 1, stealthy
paws, no weapons or thrown items, no armour, multi-lived
a: no special abilities


You were on level 3 of the Dungeon.
You visited 1 branch of the dungeon, and saw 3 of its levels.

You collected 78 gold pieces.

Inventory:

Jewellery
 h - a ring of ice
 j - a ring of ice
 t - a +6 ring of intelligence
Scrolls
 b - 4 scrolls of identify {unknown}
 e - a scroll of blinking {unknown}
 f - a scroll of poison {unknown}
 g - a scroll of fear {unknown}
 i - a scroll of teleportation {unknown}
 k - a scroll of silence {unknown}
 l - 2 scrolls of enchant weapon {unknown}
 n - a scroll of brand weapon {unknown}
 o - a scroll of magic mapping {unknown}
Potions
 a - a potion of magic
 c - a potion of brilliance {unknown}
 d - 2 potions of curing {unknown}
 m - a potion of flight {unknown}
 p - a potion of degeneration {unknown}
 q - a potion of heal wounds {unknown}
 r - a potion of cancellation {unknown}
 s - a potion of lignification {unknown}


   Skills:
 - Level 2.6 Dodging
 - Level 2.6 Stealth
 + Level 2.9 Spellcasting
 + Level 4.7 Summonings


You had one spell level left.
You knew the following spells:

 Your Spells              Type           Power      Damage    Failure   Level
a - Summon Small Mammal   Summ           76%        N/A       2%          1
b - Call Imp              Summ           19%        N/A       3%          2
c - Call Canine Familiar  Summ           19%        N/A       7%          3

Your spell library contained the following spells:

 Spells                   Type           Power      Damage    Failure   Level
 Summon Guardian Golem    Hex/Summ       11%        N/A       19%         3
 Tukima's Dance           Hex            2%         N/A       45%         3
 Summon Lightning Spire   Summ/Air       11%        N/A       52%         4
 Passage of Golubria      Tloc           2%         N/A       86%         4
 Yara's Violent Unravell  Hex/Tmut       1%         3d3       99%         5


Dungeon Overview and Level Annotations

Branches:
Dungeon (3/15)

Altars:


Innate Abilities, Weirdness & Mutations

You have sharp claws.
You have razor-sharp teeth.
You have supernaturally acute eyesight. (SInv)
You cover ground quickly. (Speed+)
You are covered in fur. (AC +1)
Your paws help you pounce on unaware monsters.
You are incapable of wielding weapons or throwing items.
You cannot wear armour.
You gain extra lives every three experience levels.


Message History

Your hound dies!
Your hound's corpse disappears in a puff of smoke!
Casting: Call Canine Familiar (astonishingly dangerous; 7% risk of failure)
Confirm with . or Enter, or press ? or * to list all spells.
A beastly little devil appears in a puff of flame.
The ufetubus barely misses you. The ufetubus misses you.
You swap places.
The ufetubus barely misses your crimson imp.
The ufetubus hits your crimson imp.
Your crimson imp closely misses the ufetubus.
The ufetubus barely misses your crimson imp. x2
Your crimson imp misses the ufetubus.
The ufetubus barely misses your crimson imp.
The ufetubus misses your crimson imp.
Your crimson imp closely misses the ufetubus.
The ufetubus hits your crimson imp. x2
The ufetubus barely misses your crimson imp.
The ufetubus closely misses your crimson imp.
Your crimson imp closely misses the ufetubus.
The ufetubus closely misses your crimson imp.
The ufetubus hits your crimson imp.
The ufetubus barely misses your crimson imp.
The ufetubus closely misses your crimson imp.
Your crimson imp blinks!
The ufetubus hits you. x2
Casting: Call Imp (safe; 3% risk of failure)
Confirm with . or Enter, or press ? or * to list all spells.
The ufetubus closely misses you. The ufetubus misses you.
Your bat hits the ufetubus.
Your crimson imp blinks!
The ufetubus hits you. x2
* * * LOW HITPOINT WARNING * * *
The ufetubus attacks as you move away! The ufetubus misses you.
The ufetubus barely misses you.
Your bat barely misses the ufetubus.
Casting: Summon Small Mammal (safe; 2% risk of failure)
Confirm with . or Enter, or press ? or * to list all spells.
Your bat hits the ufetubus.
Your bat barely misses the ufetubus.
The ufetubus barely misses you. The ufetubus closely misses you.
Your bat misses the ufetubus. The ufetubus hits you.
You die...

### ##.##
..#.###########.#.##
..)........b5@.r.#.#
...############...##
##.## ### #.# #..
#.# #.# #.# #.#
#.#######.## ##
#...<......###.
#######.....##.


You could see an ufetubus (ally target), a friendly quokka (summoned) and a
friendly bat (summoned).

Vanquished Creatures
  A ball python (D:1)
1 creature vanquished.

Vanquished Creatures (collateral kills)
  A dart slug (D:2)
  5 bats
  4 endoplasms
  2 giant cockroaches
  4 goblins (D:2)
  3 hobgoblins
  4 jackals (D:2)
  4 kobolds
  2 quokkas
  6 ball pythons
  2 frilled lizards
37 creatures vanquished.

Grand Total: 38 creatures vanquished

Notes
Turn   | Place    | Note
-------+----------+-------------------------------------------
     0 | D:1      | NinjaNoafa the Felid Summoner began the quest for the Orb.
     0 | D:1      | Reached XP level 1. HP: 7/7 MP: 4/4
   408 | D:1      | Reached XP level 2. HP: 9/11 MP: 1/6
   419 | D:1      | Learned a level 2 spell: Call Imp
  1195 | D:2      | Reached XP level 3. HP: 14/14 MP: 5/8
  2110 | D:3      | Identified the +5 spear "Ahiekh" {elec, *Slow rF+ rC+}
  2223 | D:3      | Learned a level 3 spell: Call Canine Familiar
  2266 | D:3      | Slain by an ufetubus

Illustrated notes

Levels and vault maps discovered:
D:1:      wheals_arrival_shading, layout_basic
D:2:      layout_basic
D:3:      layout_loops_ring, general_overflow_altar, vehumet_crystals,
          nrook_campfire, grunt_ministairs_1

Action                   || total
-------------------------++-------
Melee: Unarmed           ||     9
 Cast: Summon Small Mamm ||    59
       Call Imp          ||    23
       Call Canine Famil ||     1
Armor: Skin              ||    10
Dodge: Dodged            ||    86

Table legend: (Time is in decaauts)
 A = Elapsed time spent in this place.
 B = Non-inter-level travel time spent in this place.
 C = Inter-level travel time spent in this place.
 D = Time resting spent in this place.
 E = Time spent auto-exploring this place.
 F = Levels seen in this place.
 G = Mean time per level.
                   A        B        C        D        E       F      G
               +--------+--------+--------+--------+--------+-----+--------+
         Total |   2023 |   1971 |     52 |      0 |   1527 |   3 |  674.3 |
       Dungeon |   2023 |   1971 |     52 |      0 |   1527 |   3 |  674.3 |
               +--------+--------+--------+--------+--------+-----+--------+

Top non-repeatable levels by time:
     D:2: 1061 daAuts
     D:1: 748 daAuts
     D:3: 213 daAuts
